 Dungeon Crawl Stone Soup version 0.21.1-1-g345015fe64 (webtiles) character file.

142 HessuHobo the Chopper (level 5, 36/42 HPs)
             Began as a Demonspawn Berserker on May 23, 2018.
             Was a Believer of Trog.
             Quit the game on level 3 of the Dungeon.
             The game lasted 00:03:49 (2615 turns).

HessuHobo the Chopper (Demonspawn Berserker)        Turns: 2615, Time: 00:03:50

Health: 36/42      AC:  3    Str: 18    XL:     5   Next: 4%
Magic:  5/5        EV: 12    Int: 12    God:    Trog [**....]
Gold:   69         SH:  0    Dex: 13    Spells: 4/4 levels left

rFire    . . .     SeeInvis .   j - -3 hunting sling (curse)
rCold    . . .     Gourm    .   (no shield)
rNeg     . . .     Faith    .   b - +0 animal skin
rPois    .         Spirit   .   (helmet restricted)
rElec    .         Reflect  .   (no cloak)
rCorr    .         Harm     .   (no gloves)
MR       .....                  i - +0 pair of boots
Stlth    +.........             (no amulet)
HPRegen  0.14/turn              d - +4 ring of intelligence
MPRegen  0.09/turn              (no ring)

@: berserk cooldown
A: antennae 2, spiny 1
a: Berserk, Trog's Hand, Burn Spellbooks, Renounce Religion


You were on level 3 of the Dungeon.
You worshipped Trog.
Trog was pleased with you.
You were not hungry.

You visited 1 branch of the dungeon, and saw 3 of its levels.

You collected 69 gold pieces.

Inventory:

Hand Weapons
 a - a +0 hand axe
 j - a cursed -3 hunting sling (weapon)
Missiles
 k - 47 stones (quivered)
Armour
 b - a +0 animal skin (worn)
 g - a +0 ring mail
 i - a +0 pair of boots (worn)
 l - a +0 scale mail
Jewellery
 d - a +4 ring of intelligence (left hand)
Wands
 n - a wand of iceblast (9)
Scrolls
 h - a scroll of amnesia
 m - 2 scrolls of identify
 o - 2 scrolls of remove curse
Potions
 e - a potion of heal wounds {unknown}
 f - 2 potions of curing {unknown}
Comestibles
 c - 3 rations


   Skills:
 + Level 3.7 Fighting
 * Level 4.4 Axes
 * Level 2.5 Armour
 - Level 1.7 Dodging


You had 4 spell levels left.
You didn't know any spells.

Dungeon Overview and Level Annotations

Branches:
Dungeon (3/15)

Altars:


Innate Abilities, Weirdness & Mutations

You have a pair of antennae on your head.
You are partially covered in sharp spines.


Message History

You are exhausted.
You feel yourself slow down.
You start resting.
You feel yourself speed up.
You see here a hand axe.
c - 3 rations (gained 1)
You see here a hand axe.
Things that are here:
a falchion; an orc corpse
Things that are here:
a whip; a ring mail You see here a tomahawk.
Wield which item (- for none, * to show all)? (? for menu, Esc to quit)
It sticks to your hand!
j - a cursed -3 hunting sling (weapon)
You can't unwield your weapon to draw a new one!
You can't unwield your weapon to draw a new one!
You can't unwield your weapon to draw a new one!
You can't unwield your weapon to draw a new one!
Are you sure you want to abandon this character and quit the game? (Confirm with "yes".)

#. #.# #..
###.###
#..##.....#
#...#.#.#.###
#............
#...#)#)#.###
##. #.)>†.# #
####)###
#<.@.# #.##.#
#.##.# #.##.#
..##.# ..##.#
#..#... #...
..


There were no monsters in sight!

Vanquished Creatures
  A scorpion (D:2)
  2 adders
  3 oozes
  2 worms (D:2)
  5 orcs (D:3)
  2 giant cockroaches (D:2)
  7 goblins
  9 hobgoblins
  3 kobolds
  2 ball pythons (D:1)
  7 bats
  3 frilled lizards
  8 rats
54 creatures vanquished.

Notes
Turn   | Place    | Note
-------+----------+-------------------------------------------
     0 | D:1      | HessuHobo the Demonspawn Berserker began the quest for the Orb.
     0 | D:1      | Reached XP level 1. HP: 18/18 MP: 1/1
   458 | D:1      | Reached skill level 3 in Axes
   462 | D:1      | Gained mutation: You are partially covered in sharp spines. [demonic ancestry]
   462 | D:1      | Reached XP level 2. HP: 21/24 MP: 2/2
  1214 | D:2      | Noticed a scorpion
  1217 | D:2      | Gained mutation: You have a pair of small antennae on your head. [demonic ancestry]
  1217 | D:2      | Reached XP level 3. HP: 27/29 MP: 3/3
  1218 | D:2      | Reached ** piety under Trog
  1227 | D:2      | Killed a scorpion
  1227 | D:2      | Reached skill level 4 in Axes
  1227 | D:2      | Reached XP level 4. HP: 16/35 MP: 4/4
  2578 | D:3      | Gained mutation: You have a pair of antennae on your head. [demonic ancestry]
  2578 | D:3      | Reached XP level 5. HP: 42/42 MP: 5/5
  2615 | D:3      | Quit the game

Skill      XL: |  1  2  3 |
---------------+----------+-----
Axes           | 3 4 |  4.4
Armour         | 2 |  2.5
Fighting       | |  3.7
Dodging        | |  1.7

Action                   |  1- 3 |  4- 6 || total
-------------------------+-------+-------++-------
Melee: Hand axe          |    59 |    54 ||   113
Invok: Berserk           |       |     2 ||     2
       Trog's Hand       |       |     1 ||     1
  Use: Scroll            |     2 |     4 ||     6
 Stab: Sleeping          |     1 |       ||     1
  Eat: Ration            |       |     2 ||     2
       Chunk             |       |     1 ||     1
Armor: Animal skin       |     8 |     6 ||    14
Dodge: Dodged            |    37 |    24 ||    61
